 Dungeon Crawl Stone Soup version 0.22.1-1-ga44c0e5 (webtiles) character file.

88 roasted the Sneak (level 4, -8/30 HPs)
             Began as an Octopode Assassin on Oct 6, 2018.
             Mangled by a gnoll
             ... wielding a +0 spear
              (11 damage)
             ... on level 2 of the Dungeon.
             The game lasted 00:08:07 (507 turns).

roasted the Sneak (Octopode Assassin)                Turns: 507, Time: 00:08:08

Health: -8/30      AC:  1    Str: 10    XL:     4   Next: 53%
Magic:  4/4        EV: 13    Int: 13    God:
Gold:   55         SH:  0    Dex: 14    Spells: 3/3 levels left

rFire    . . .     SeeInvis .   a - +2 dagger
rCold    . . .     Gourm    .   (no shield)
rNeg     . . .     Faith    .   (helmet restricted)
rPois    .         Spirit   .   (no amulet)
rElec    .         Reflect  .   i - ring of stealth
rCorr    .         Harm     .   (no ring)
MR       .....                  (no ring)
Stlth    +++++.....             (no ring)
HPRegen  0.10/turn              (no ring)
MPRegen  0.09/turn              (no ring)
                                (no ring)
                                (no ring)

@: no status effects
A: almost no armour, stealthy swim, amphibious, 8 rings, constrict 8, camouflage
1, gelatinous body 1
a: no special abilities


You were on level 2 of the Dungeon.
You were not hungry.

You visited 1 branch of the dungeon, and saw 2 of its levels.

You collected 55 gold pieces.

Inventory:

Hand Weapons
 a - a +2 dagger (weapon)
 b - a +0 blowgun
 g - a +0 antimagic hand axe
Missiles
 c - 8 poisoned needles (quivered)
 d - 2 curare-tipped needles
Jewellery
 i - a ring of stealth (left tentacle)
Comestibles
 f - 3 rations


   Skills:
 + Level 2.4 Fighting
 + Level 2.7 Short Blades
 + Level 0.2 Axes
 + Level 2.0 Throwing
 + Level 1.1 Dodging
 + Level 7.1 Stealth


You had 3 spell levels left.
You didn't know any spells.
Your spell library was empty.

Dungeon Overview and Level Annotations

Branches:
Dungeon (2/15)

Altars:


Innate Abilities, Weirdness & Mutations

You cannot wear most types of armour.
You are very stealthy in the water. (Stealth+)
You are amphibious.
You can wear up to eight rings at the same time.
You can use your tentacles to constrict eight enemies at once.
Your skin changes colour to match your surroundings (Stealth+).
Your rubbery body absorbs attacks. (AC +1, EV +1)


Message History

The gnoll is severely wounded.
You constrict the gnoll.
The gnoll hits you from afar with a spear.
You hit the gnoll.
You kill the gnoll!
The gnoll hits you from afar with a spear!
* * * LOW HITPOINT WARNING * * *
As you read the scroll labeled BYGACI COPH, it crumbles to dust.
It is a scroll of identify.
You don't have any unidentified items.
You closely miss the gnoll. You grab the gnoll.
You squeeze the gnoll, but do no damage.
You constrict the gnoll, but do no damage.
The gnoll hits you.
* * * LOW HITPOINT WARNING * * *
You hit the gnoll.
The gnoll is heavily wounded.
You constrict the gnoll, but do no damage.
The gnoll hits you from afar with a spear!
You die...

###.##......# #
...#####...##.####.###.#
............#.#.......
####.........#....
#...⌠.#.###.%#
#.....#g###..#
##..g##.g.g..#
###g######.## ###.@####
.# #......)# ..
#.......# ... #.......#
.##. #.......# .# .#
#.......# .# # #.......#
#.......# #########


You could see 2 gnolls.

Vanquished Creatures
  2 gnolls (D:2)
  4 adders (D:2)
  3 dart slugs (D:1)
  2 ball pythons
  3 giant cockroaches (D:1)
  3 goblins
  2 hobgoblins
  2 jackals (D:1)
  4 kobolds
  2 bats
  A frilled lizard (D:1)
  2 rats (D:1)
30 creatures vanquished.

Notes
Turn   | Place    | Note
-------+----------+-------------------------------------------
     0 | D:1      | roasted the Octopode Assassin began the quest for the Orb.
     0 | D:1      | Reached XP level 1. HP: 14/14 MP: 1/1
    62 | D:1      | Reached XP level 2. HP: 19/19 MP: 2/2
   164 | D:1      | Reached skill level 6 in Stealth
   351 | D:1      | Reached XP level 3. HP: 21/24 MP: 3/3
   435 | D:2      | Reached XP level 4. HP: 7/29 MP: 4/4
   443 | D:2      | Reached skill level 7 in Stealth
   507 | D:2      | Mangled by a gnoll

Skill      XL: |  1  2  3  4 |
---------------+-------------+-----
Stealth        | 6 7 |  7.1
Fighting       | |  2.4
Short Blades   | |  2.7
Axes           | |  0.2
Throwing       | |  2.0
Dodging        | |  1.1

Action                   |  1- 3 |  4- 6 || total
-------------------------+-------+-------++-------
Melee: Dagger            |    44 |    11 ||    55
       Tentacles         |     8 |     2 ||    10
       Constrict         |    11 |     4 ||    15
       Hand axe          |     6 |       ||     6
  Use: Potion            |       |     2 ||     2
       Scroll            |       |     1 ||     1
 Stab: Sleeping          |     9 |       ||     9
       Distracted        |       |     1 ||     1
Armor: Skin              |     4 |       ||     4
Dodge: Dodged            |    28 |     3 ||    31
